 Dungeon Crawl Stone Soup version 0.18-a0-1575-g920359c (webtiles) character file.

20 4thArraOfDagon the Conjurer (level 2, 0/11 HPs)
             Began as a Felid Conjurer on Mar 16, 2016.
             Slain by a hobgoblin (4 damage)
             ... on level 1 of the Dungeon.
             The game lasted 00:02:52 (464 turns).

4thArraOfDagon the Conjurer (Felid Conjurer)         Turns: 464, Time: 00:02:52

Health: 0/11       AC:  1    Str:  1    XL:     2   Next: 58%
Magic:  2/6        EV: 18    Int: 13    God:
Gold:   33         SH:  0    Dex: 16    Spells: 1 memorised, 4 levels left
                                        Lives:  0   Deaths: 0

rFire  . . .     SeeInvis +       - Unarmed
rCold  . . .     Gourm    .     (armour unavailable)
rNeg   . . .     Faith    .     (shield unavailable)
rPois  .         Spirit   .     (helmet unavailable)
rElec  .         Dismiss  .     (cloak unavailable)
rCorr  .         Reflect  .     (gloves unavailable)
SustAt .         Harm     .     (boots unavailable)
MR     .....                    (no amulet)
Stlth  +++.......               f - -3 ring of strength (curse)
                                c - -3 ring of intelligence (curse)

@: quick, not resistant to hostile enchantments, fairly stealthy
A: no armour, no weapons or thrown items, claws 1, fangs 3, see invisible,
carnivore 3, speed 1, shaggy fur 1, slow metabolism 1, sharp paws
a: no special abilities


You were on level 1 of the Dungeon.
You were very full.

You visited 1 branch of the dungeon, and saw 2 of its levels.

You collected 33 gold pieces.

Inventory:

Jewellery
 c - a cursed -3 ring of intelligence (left paw)
 f - a cursed -3 ring of strength (right paw)
Scrolls
 i - a scroll of identify {unknown}
Potions
 d - a potion of berserk rage {unknown}
 e - a potion of curing {unknown}
 h - a potion of cure mutation {unknown}
Books
 a - a book of Conjurations

   Spells                             Type                      Level
   a - Magic Dart                     Conjuration                  1
   b - Searing Ray                    Conjuration                  2
   c - Dazzling Spray                 Conjuration/Hexes            3
   d - Fulminant Prism                Conjuration/Hexes            4
   e - Iskenderun's Mystic Blast      Conjuration                  4
   f - Iskenderun's Battlesphere      Conjuration/Charms           5
 g - a book of Changes

   Spells                             Type                      Level
   a - Beastly Appendage              Transmutation                1
   b - Sticks to Snakes               Transmutation                2
   c - Spider Form                    Transmutation/Poison         3
   d - Ice Form                       Ice/Transmutation            4
   e - Blade Hands                    Transmutation                5
Comestibles
 b - a meat ration


   Skills:
 + Level 3.1 Dodging
 + Level 2.9 Stealth
 * Level 1.6 Unarmed Combat
 + Level 2.1 Spellcasting
 - Level 3.6 Conjurations


You had 4 spell levels left.
You knew the following spells:

 Your Spells              Type           Power        Failure   Level  Hunger
a - Magic Dart            Conj           ##..         8%          1    ##.....


Dungeon Overview and Level Annotations

Branches:
Dungeon (2/15)

Altars:


Innate Abilities, Weirdness & Mutations

You cannot wear armour.
You are incapable of wielding weapons or throwing items.
You have sharp claws.
You have razor-sharp teeth.
You have supernaturally acute eyesight.
You are carnivorous and can eat meat at any time.
You cover ground quickly.
You are covered in fur (AC +1).
You have a slow metabolism.
Your sharp claws are effective at attacking unaware monsters.


Message History

The magic dart hits the hobgoblin.
The hobgoblin is moderately wounded.
Casting: Magic Dart
Confirm with . or Enter, or press ? or * to list all spells.
Aiming: Magic Dart
Press: ? - help, Shift-Dir - straight line, f/p - hobgoblin
Aim: a hobgoblin (moderately wounded)
The magic dart hits the hobgoblin.
The hobgoblin is moderately wounded.
Casting: Magic Dart
Confirm with . or Enter, or press ? or * to list all spells.
Aiming: Magic Dart
Press: ? - help, Shift-Dir - straight line, f/p - hobgoblin
Aim: a hobgoblin (moderately wounded)
The magic dart hits the hobgoblin.
The hobgoblin is heavily wounded.
You scratch the hobgoblin.
The hobgoblin is severely wounded.
The hobgoblin hits you.
You die...

#### ..# #.# ##.##
##.#.######
######.###.....#
........@#.####.#
#########g## #.#
#)# ###.###
########)# #.g...#
.......#.###.....#
#..#.##.....#
#.###.......#
#####..#.##.....##
..............>...#


You could see a hobgoblin.

Vanquished Creatures
  A dart slug (D:1)
  A ball python (D:1)
  3 giant cockroaches
  3 goblins (D:1)
  A hobgoblin (D:2)
  4 kobolds
  A giant newt (D:1)
14 creatures vanquished.

Notes
Turn   | Place    | Note
--------------------------------------------------------------
     0 | D:1      | 4thArraOfDagon the Felid Conjurer began the quest for the Orb.
     0 | D:1      | Reached XP level 1. HP: 7/7 MP: 4/4
   164 | D:1      | Reached skill level 1 in Unarmed Combat
   217 | D:1      | Reached XP level 2. HP: 7/11 MP: 4/6
   464 | D:1      | Slain by a hobgoblin

Vault maps used:
D:1:      lightli_arrival_maybe_door_vault, hangedman_glass_teeth,
          serial_park_tiny_pond
D:2:      overflow_temple_1_default, minmay_gold_behind_fungi,
          johnstein_pakellas_dig

Skill      XL: |  1 |
---------------+----+-----
Dodging        | 3 |  3.1
Unarmed Combat | 1 |  1.6
Stealth        | |  2.9
Spellcasting   | |  2.1
Conjurations   | |  3.6

Action                   || total
-------------------------++-------
Melee: Unarmed           ||    33
 Cast: Magic Dart        ||    24
 Stab: Sleeping          ||     2
  Eat: Chunk             ||     5
